 Dungeon Crawl Stone Soup version 0.24.1 (webtiles) character file.

Game seed: 4838673301321858716, levelgen mode: deterministic

49390 Fede11211 the Severer (level 14, -5/129 HPs)
             Began as a Minotaur Berserker on Mar 29, 2020.
             Was a High Priest of Trog.
             Slain by a freezing wraith (19 damage)
             ... on level 4 of the Swamp.
             The game lasted 01:24:20 (16730 turns).

Fede11211 the Severer (Minotaur Berserker)         Turns: 16730, Time: 01:24:23

Health: -5/129     AC: 35    Str: 26    XL:     14   Next: 15%
Magic:  13/13      EV: 11    Int:  4    God:    Trog [*****.]
Gold:   851        SH: 14    Dex: 13    Spells: 13/13 levels left

rFire    . . .     SeeInvis +   A - +8 broad axe (flame)
rCold    . . .     Gourm    +   I - +0 shield
rNeg     . . .     Faith    .   J - +7 crystal plate armour of the World {rPois SInv}
rPois    +         Spirit   .   (helmet restricted)
rElec    .         Reflect  .   v - scarf {cloud immunity}
rCorr    +         Harm     .   N - +0 pair of gloves
MR       +....                  y - +3 pair of boots of Modesty {rPois rCorr Dex+2}
Stlth    ..........             s - amulet of the gourmand
HPRegen  0.31/turn              K - +6 ring of slaying
MPRegen  0.13/turn              T - +4 ring of evasion

@: lethally poisoned (-5 -> -5), slowed, very slow
A: retaliatory headbutt, horns 2
a: Berserk, Trog's Hand, Brothers in Arms, Renounce Religion


You were on level 4 of the Swamp.
You worshipped Trog.
Trog was extremely pleased with you.
You were completely stuffed.

You visited 3 branches of the dungeon, and saw 17 of its levels.

You collected 959 gold pieces.
You spent 108 gold pieces at shops.

Inventory:

Hand Weapons
 t - a +3 war axe
 A - a +8 broad axe of flaming (weapon)
 O - a +0 whip of freezing
 Q - a +0 longbow
 R - a +4 vampiric glaive
 V - a +0 quarterstaff of crushing
Missiles
 a - 145 arrows
 x - 14 boomerangs (quivered)
 H - 155 bolts
Armour
 q - a +1 cloak of magic resistance
 v - a scarf of cloud immunity (worn)
 y - the +3 pair of boots of Modesty (worn) {rPois rCorr Dex+2}
   (You found it on level 4 of the Dungeon)

   It affects your dexterity (+2).
   It protects you from poison.
   It provides partial protection from all sources of acid and corrosion.
 I - a +0 shield (worn)
 J - the +7 crystal plate armour of the World (worn) {rPois SInv}
   (You acquired it on level 6 of the Dungeon)

   It protects you from poison.
   It lets you see invisible.
 N - a +0 pair of gloves (worn)
Magical Staves
 u - an uncursed staff of cold {unknown}
Jewellery
 s - an amulet of the gourmand (around neck)
 z - an uncursed ring of flight
 G - a cursed amulet of inaccuracy {unknown}
 K - a +6 ring of slaying (left hand)
 L - an uncursed ring of flight
 M - an uncursed amulet of faith
 T - a +4 ring of evasion (right hand)
 U - an uncursed ring of stealth
Wands
 e - a wand of clouds (6)
 o - a wand of random effects (11)
 p - a wand of iceblast (13)
 r - a wand of flame (21)
 w - a wand of enslavement (19)
 B - a wand of disintegration (11)
Scrolls
 d - a scroll of enchant armour
 f - a scroll of magic mapping
 j - 10 scrolls of identify
 k - 4 scrolls of blinking
 m - 4 scrolls of fog
 D - 6 scrolls of teleportation
 E - 4 scrolls of amnesia
 F - 2 scrolls of immolation
 P - 4 scrolls of remove curse
Potions
 g - 3 potions of cancellation
 h - a potion of flight
 i - 4 potions of degeneration
 l - 2 potions of lignification
 n - 8 potions of curing
 C - 2 potions of haste
 W - 2 potions of resistance
 X - a potion of might {unknown}
 Z - a potion of brilliance {unknown}
Miscellaneous
 b - a box of beasts
Comestibles
 c - 31 rations
 S - 5 chunks of flesh


   Skills:
 + Level 13.2 Fighting
 + Level 18.1 Axes
 + Level 12.6 Armour
 + Level 3.6 Dodging
 + Level 0.6 Stealth
 + Level 13.2 Shields
 + Level 0.1 Evocations


You had 13 spell levels left.
You didn't know any spells.
Your spell library was empty.

Dungeon Overview and Level Annotations

Branches:
Dungeon (11/15)            Temple (0/1) D:5            Lair (2/6) D:11
  Swamp (4/4) Lair:2
  Snake: Lair:2-4    Spider: Lair:2-4       Orc: D:9-12

Altars:
Ashenzari
Dithmenos
Gozag
Hepliaklqana
Makhleb
Nemelex Xobeh
Sif Muna
Trog
Wu Jian
Xom

Shops:
D:9 [

Annotations:
D:10 exclusion: orange crystal statue


Innate Abilities, Weirdness & Mutations

You reflexively headbutt those who attack you in melee.
You have a pair of horns on your head.


Message History

The freezing wraith hits you but does no damage. x3
You block the freezing wraith's attack. x2
The freezing wraith hits you but does no damage.
You block the freezing wraith's attack. The freezing wraith misses you.
You block the freezing wraith's attack.
The freezing wraith hits you but does no damage.
Unknown command.
You enter the shallow water.
Moving in this stuff is going to be slow.
You feel sick. The freezing wraith hits you.
* * * LOW HITPOINT WARNING * * *
The freezing wraith freezes you!
* * * LOW HITPOINT WARNING * * *
The freezing wraith hits you but does no damage.
Your troll bites the freezing wraith but does no damage.
Your troll claws the freezing wraith.
Your troll misses the freezing wraith. The freezing wraith hits you!
* * * LOW HITPOINT WARNING * * *
The freezing wraith freezes you!!
You die...

♣♣♣..≈♣...≈.≈≈≈≈≈
≈≈♣♣♣♣♣≈....≈≈....≈≈≈≈≈
≈.....≈≈..≈≈..≈...≈≈≈≈≈
.≈≈.....≈≈..≈≈≈.....≈≈≈
≈≈≈.≈≈≈..≈≈≈≈≈≈♣♣.≈≈≈.
≈ ≈≈≈§≈≈≈≈≈≈≈§.≈♣♣≈≈≈.≈
♣≈.
≈♣.≈≈≈.≈≈§...♣≈≈♣♣♣♣
≈.≈≈♣♣.≈≈≈.[♣♣.≈♣♣♣♣♣
♣..♣.≈W@≈...♣♣♣♣♣ ♣♣♣
≈≈...≈W.W.♣♣♣ ♣♣♣♣≈♣♣
♣≈≈..T≈≈≈≈♣ ♣.≈≈≈.♣
♣≈≈≈♣.§≈≈≈.♣ ♣.≈≈≈≈♣♣
≈≈≈ ♣♣.≈≈≈.♣ ♣.≈≈≈.♣♣
≈≈ ♣♣.≈...♣ ♣♣♣♣.≈≈. ♣
♣.♣≈≈.♣ ♣.≈≈≈ .♣♣♣.♣♣
♣♣♣...♣ . .≈ ♣....♣♣


You could see 3 freezing wraiths and a friendly troll (berserk).

Vanquished Creatures
  A thorn hunter (Swamp:3)
  3 hydras
  A ghost crab (Swamp:1)
  18 alligators
  2 shambling mangroves
  2 two-headed ogres
  3 spriggans
  Sonja (D:10)
  A spriggan druid (Swamp:4)
  An obsidian statue (D:8)
  3 swamp dragons
  An orange crystal statue (D:8)
  Pikel (D:8)
  An ugly thing (D:11)
  A manticore (D:11)
  2 black mambas (Lair:1)
  A centaur zombie (D:9)
  5 spiny frogs
  A komodo dragon (Lair:1)
  A freezing wraith (Swamp:4)
  2 trolls (D:10)
  5 hornets
  11 tyrant leeches
  9 bog bodies
  9 blink frogs
  12 slime creatures
  3 hippogriffs
  3 yaks (D:10)
  12 vampire mosquitoes
  2 swamp worm simulacra (Swamp:4)
  13 insubstantial wisps
  15 swamp worms
  Menkaure (D:4)
  2 soldier ants
  A hydra simulacrum (Swamp:4)
  2 wargs (D:11)
  3 water moccasins
  A porcupine (Lair:1)
  Duvessa (D:7)
  8 orc warriors
  A hornet zombie (D:9)
  A swamp drake (Swamp:3)
  3 ice beasts
  An eye of draining (D:8)
  2 necrophages
  6 ogres
  4 slaves (D:8)
  3 centaurs
  2 crocodiles
  A big kobold (D:9)
  8 bullfrogs
  Dowan (D:7)
  A gnoll sergeant (D:9)
  A wyvern skeleton (D:11)
  4 scorpions
  8 killer bees
  6 howler monkeys
  3 wights (D:11)
  A vampire bat (Lair:1)
  3 electric eels
  5 crimson imps
  A jelly (D:11)
  17 orc wizards
  A quasit (D:8)
  3 bullfrog skeletons
  2 bullfrog zombies
  6 hounds
  3 centaur skeletons
  7 orc priests
  3 iguanas
  Ijyb (D:3)
  11 worker ants
  A hound zombie (D:7)
  A hound skeleton (D:5)
  A mummy (D:4)
  8 gnolls
  16 adders
  A shadow imp (D:7)
  3 oozes
  6 swamp drake simulacra (Swamp:4)
  An adder skeleton (D:7)
  2 worms
  3 dart slugs
  7 leopard geckos
  38 orcs
  11 giant cockroaches
  8 goblins
  11 hobgoblins
  8 jackals
  8 kobolds
  6 quokkas
  3 ball pythons
  16 bats
  4 frilled lizards
  A goblin zombie (D:4)
  A jackal skeleton (D:7)
  An orc zombie (D:4)
  12 rats
  3 fungi (Lair:1)
  A plant (Lair:1)
467 creatures vanquished.

Vanquished Creatures (collateral kills)
  A killer bee (D:10)
1 creature vanquished.

Vanquished Creatures (others)
  A hydra (Swamp:4)
  2 briar patches (Swamp:3)
3 creatures vanquished.

Grand Total: 471 creatures vanquished

Notes
Turn   | Place    | Note
-------+----------+-------------------------------------------
     0 | D:1      | Fede11211 the Minotaur Berserker began the quest for the
                  | Orb.
     0 | D:1      | Reached XP level 1. HP: 19/19 MP: 0/0
   102 | D:1      | Reached skill level 4 in Axes
   102 | D:1      | Reached XP level 2. HP: 24/27 MP: 1/1
   352 | D:1      | Reached XP level 3. HP: 26/33 MP: 2/2
   488 | D:1      | Reached ** piety under Trog
  1050 | D:2      | Found a shimmering altar of Xom.
  1065 | D:2      | Found a shattered altar of Ashenzari.
  1134 | D:2      | Found a hazy altar of Hepliaklqana.
  1277 | D:2      | Reached XP level 4. HP: 41/41 MP: 3/3
  1733 | D:3      | Reached skill level 5 in Axes
  2049 | D:3      | Noticed Ijyb
  2061 | D:3      | Killed Ijyb
  2139 | D:3      | Reached XP level 5. HP: 34/47 MP: 4/4
  2231 | D:3      | Reached *** piety under Trog
  2309 | D:3      | Found an opulent altar of Gozag.
  2600 | D:4      | Reached skill level 6 in Axes
  2618 | D:4      | Found a shadowy altar of Dithmenos.
  2625 | D:4      | Reached XP level 6. HP: 45/53 MP: 5/5
  3001 | D:4      | Reached skill level 7 in Axes
  3003 | D:4      | Reached skill level 5 in Fighting
  3012 | D:4      | Noticed Menkaure
  3019 | D:4      | Killed Menkaure
  3019 | D:4      | Reached XP level 7. HP: 26/61 MP: 6/6
  3240 | D:4      | Found a sand-covered staircase.
  3379 | D:4      | Found an ornate altar of the Wu Jian Council.
  3386 | D:4      | Got a pair of ichor-stained boots
  3392 | D:4      | Identified the +3 pair of boots of Modesty {rPois rCorr
                  | Dex+2} (You found it on level 4 of the Dungeon)
  3550 | D:4      | Reached skill level 8 in Axes
  3609 | D:5      | Entered Level 5 of the Dungeon
  3720 | D:5      | Found a staircase to the Ecumenical Temple.
  4333 | D:6      | Reached skill level 9 in Axes
  4398 | D:6      | Reached **** piety under Trog
  4398 | D:6      | Reached XP level 8. HP: 61/70 MP: 7/7
  4574 | D:6      | Reached skill level 5 in Armour
  4721 | D:6      | Found a shimmering blue altar of Sif Muna.
  4733 | D:6      | Reached skill level 10 in Axes
  4766 | D:6      | Identified a scroll of acquirement
  4769 | D:6      | Got a slimy crystal plate armour
  4780 | D:6      | Identified the +7 crystal plate armour of the World {rPois
                  | SInv} (You acquired it on level 6 of the Dungeon)
  5859 | D:7      | Noticed Dowan
  5859 | D:7      | Noticed Duvessa
  5860 | D:7      | Noticed a hippogriff
  5868 | D:7      | Killed Duvessa
  5868 | D:7      | Reached skill level 11 in Axes
  5868 | D:7      | Reached skill level 1 in Shields
  5868 | D:7      | Reached XP level 9. HP: 79/79 MP: 8/8
  5872 | D:7      | Killed Dowan
  6284 | D:8      | Noticed Pikel
  6308 | D:8      | Killed Pikel
  6341 | D:8      | Reached skill level 12 in Axes
  6374 | D:8      | Noticed an orange crystal statue
  6457 | D:8      | Killed an orange crystal statue
  6851 | D:8      | Reached XP level 10. HP: 90/90 MP: 9/9
  6867 | D:8      | Noticed an obsidian statue
  6897 | D:8      | Noticed an orange demon
  6916 | D:8      | Killed an obsidian statue
  6916 | D:8      | Reached skill level 13 in Axes
  7136 | D:8      | Noticed a two-headed ogre
  7149 | D:8      | Killed a two-headed ogre
  7539 | D:9      | Found a burning altar of Makhleb.
  7557 | D:9      | Found a sparkling altar of Nemelex Xobeh.
  7589 | D:9      | Reached skill level 14 in Axes
  7746 | D:9      | Reached skill level 5 in Shields
  7936 | D:9      | Found Mogupod's Armour Boutique.
  7984 | D:9      | Bought a scarf of spirit shield for 108 gold pieces
  8207 | D:9      | Paralysed by a hornet for 3 turns
  8492 | D:10     | Entered Level 10 of the Dungeon
  8509 | D:10     | Reached XP level 11. HP: 97/97 MP: 10/10
  9018 | D:10     | Reached skill level 15 in Axes
  9134 | D:10     | Reached ***** piety under Trog
  9176 | D:10     | Noticed Sonja
  9177 | D:10     | Noticed an orange crystal statue
  9698 | D:10     | Killed Sonja
 10136 | D:11     | Noticed a two-headed ogre
 10144 | D:11     | Killed a two-headed ogre
 10144 | D:11     | Reached skill level 10 in Fighting
 10186 | D:11     | Found a gate leading to a gauntlet.
 10323 | D:11     | Noticed a red ugly thing
 10340 | D:11     | Killed a red ugly thing
 10394 | D:11     | Found a staircase to the Lair.
 10513 | D:11     | Found a bloodstained altar of Trog.
 10516 | D:11     | Identified the +1 plate armour of Atheism {Str+2}
 10597 | Lair:1   | Entered Level 1 of the Lair of Beasts
 10840 | Lair:1   | Reached skill level 16 in Axes
 10897 | Lair:1   | Received a gift from Trog
 11098 | Lair:1   | Reached XP level 12. HP: 108/108 MP: 11/11
 11564 | Lair:2   | HP: 2/108 [electric eel/bolt of electricity (4)]
 11573 | Lair:2   | HP: 2/108 [electric eel/bolt of electricity (4)]
 11910 | Lair:2   | Found a staircase to the Swamp.
 11922 | Swamp:1  | Entered Level 1 of the Swamp
 11922 | Swamp:1  | Noticed an alligator
 11935 | Swamp:1  | Killed an alligator
 12081 | Swamp:1  | Noticed a ghost crab
 12108 | Swamp:1  | Killed a ghost crab
 12293 | Swamp:1  | Reached skill level 10 in Armour
 12616 | Swamp:1  | HP: 3/110 [enormous slime creature (44)]
 13264 | Swamp:2  | Noticed an alligator
 13264 | Swamp:2  | Noticed an alligator
 13277 | Swamp:2  | Reached skill level 10 in Shields
 13280 | Swamp:2  | Killed an alligator
 13284 | Swamp:2  | Killed an alligator
 13602 | Swamp:2  | Noticed an alligator
 13606 | Swamp:2  | Noticed a shambling mangrove
 13610 | Swamp:2  | Noticed an alligator
 13622 | Swamp:2  | Killed an alligator
 13628 | Swamp:2  | Killed an alligator
 13636 | Swamp:2  | Killed a shambling mangrove
 14109 | Swamp:2  | Noticed an alligator
 14111 | Swamp:2  | Noticed an alligator
 14112 | Swamp:2  | Noticed a seven-headed hydra
 14143 | Swamp:2  | Killed an alligator
 14143 | Swamp:2  | Reached XP level 13. HP: 84/117 MP: 12/12
 14494 | Swamp:2  | Received a gift from Trog
 15100 | Swamp:3  | Reached skill level 17 in Axes
 15151 | Swamp:3  | Noticed a thorn hunter
 15177 | Swamp:3  | Killed a thorn hunter
 15771 | Swamp:4  | Entered Level 4 of the Swamp
 16515 | Swamp:4  | Reached XP level 14. HP: 128/129 MP: 13/13
 16529 | Swamp:4  | Reached skill level 18 in Axes
 16529 | Swamp:4  | Received a gift from Trog
 16730 | Swamp:4  | Slain by a freezing wraith

Levels and vault maps discovered:
D:1:      dpeg_arrival_shelter, layout_loops_corners, minmay_worlds_worst_comb
D:2:      layout_rooms, nicolae_ashenzari_panopticon, xom_butterflies,
          lemuel_coloured_pillars_altar, first_ration, minmay_curled_crystal
D:3:      layout_basic, marbit_many_paths, grunt_ministairs_2, uniq_ijyb
D:4:      layout_basic, lemuel_doored_altar, nicolae_dithmenos_shadow_blocks,
          nicolae_ossuary_entry_giza, minmay_misc_feat_iff, uniq_menkaure
D:5:      layout_loops_ring, minmay_temple_entry_tees
D:6:      layout_loops_ring, overflow_temple_1_default, st_stairs_5
D:7:      layout_cave_pods, uniq_duvessa
D:8:      minmay_separated_statues, layout_loops_cross, uniq_pikel
D:9:      layout_cave_pools, kennysheep_little_box,
          nemelex_xobeh_ov_fountains_minmay, serial_shops, shop,
          hangedman_pestilent_swarm, minmay_misc_feat_square
D:10:     layout_rooms, erik_orc_2, disabler_island, uniq_sonja
D:11:     layout_loops_ring, erik_lair_orcish_takeover, basic_altar,
          gauntlet_entry_generic
Lair:1:   layout_regular_city, roderic_batcave, lemuel_old_faithful,
          serial_bayou_shore_b, lemuel_fruit_tree
Lair:2:   layout_hall_layers, nicolae_swamp_entry_splash_gauntlet
Swamp:1:  layout_falls_marsh, evilmike_swamp_ruin_house_2, swamp_pool3
Swamp:2:  layout_basic_swamp, evilmike_swamp_ruin_house_3, swamp_pool3
Swamp:3:  layout_basic_swamp, infiniplex_staircase_pool_2
Swamp:4:  swamp_icy, layout_basic_swamp

Skill      XL: |  1  2  3  4  5  6  7  8  9 10 11 12 13 14 |
---------------+-------------------------------------------+-----
Axes           | 4 5 6 7 9 11 12 14 16 17 18 | 18.1
Fighting       | 4 5 6 7 8 9 10 11 13 | 13.2
Armour         | 3 4 6 7 8 9 11 12 | 12.6
Dodging        | 3 |  3.6
Shields        | 1 3 5 8 11 13 | 13.2
Stealth        | |  0.6
Evocations     | |  0.1

Action                   |  1- 3 |  4- 6 |  7- 9 | 10-12 | 13-15 || total
-------------------------+-------+-------+-------+-------+-------++-------
Melee: Hand axe          |    82 |    18 |       |       |       ||   100
       Headbutt          |    14 |    12 |    63 |   159 |    61 ||   309
       War axe           |       |    79 |   283 |   736 |    42 ||  1140
       Broad axe         |       |       |       |       |   240 ||   240
Throw: Boomerang         |       |       |       |     1 |       ||     1
Invok: Berserk           |       |     2 |     1 |     6 |     4 ||    13
       Brothers in Arms  |       |       |       |     1 |     1 ||     2
Evoke: Wand              |       |       |       |     1 |       ||     1
  Use: Scroll            |       |     7 |    14 |     3 |     2 ||    26
       Potion            |       |       |     1 |     5 |       ||     6
  Eat: Chunk             |     1 |     7 |    16 |    28 |    16 ||    68
       Ration            |       |       |     2 |       |       ||     2
Armor: Scale mail        |    49 |    32 |       |       |       ||    81
       Ring mail         |       |    16 |    11 |       |       ||    27
       Plate armour      |       |       |    35 |       |       ||    35
       Crystal plate arm |       |       |   202 |   625 |   255 ||  1082
Dodge: Dodged            |    53 |    76 |    91 |   224 |   119 ||   563
Block: Shield            |       |       |    90 |   451 |   223 ||   764
